 Dungeon Crawl Stone Soup version 0.31.0-9-g3a7656b989 (webtiles) character file.

Game seed: 8948128492350793192

142933 Kenran the Wrestler (level 17, -1/115 HPs)
             Began as a Gargoyle Gladiator on Jan 31, 2024.
             Was the Champion of the Shining One.
             Slain by a pharaoh ant (18 damage)
             ... on level 3 of the Spider Nest.
             The game lasted 00:59:20 (24757 turns).

Kenran the Wrestler (Gargoyle Gladiator)           Turns: 24757, Time: 00:59:20

Health: -1/115     AC: 37    Str: 29    XL:     17   Next: 36%
Magic:  22/22      EV:  9    Int:  8    God:    the Shining One [******]
Gold:   1966       SH:  5    Dex: 11    Spells: 16/16 levels left

rFire   + +          .
                       - Unarmed
rCold   + + .        P - +0 buckler of Gejutuh {rF+ rN+ Str+2}
rNeg    + + +        R - +0 plate armour
rPois   ∞            q - +0 helmet "Pym Zon" {rElec rPois}
rElec   +            L - +0 cloak
rCorr   .            C - +0 pair of gloves
SInv    +            G - +1 pair of boots
Will    +....        e - amulet "Xackait" {Rampage rC+ Regen+ SInv} Stlth
                     B - ring of protection from fire
HPRegen 1.19/turn    N - ring of protection from cold
MPRegen 0.18/turn

%: rampage
@: flying, glowing
A: sickness immunity, AC +12, big wings, negative energy resistance 1,
electricity resistance, torment resistance 1, petrification resistance,
inability to read after injury 1
a: Renounce Religion, Divine Shield, Cleansing Flame, Summon Divine Warrior,
Brand Weapon With Holy Wrath


You were on level 3 of the Spider Nest.
You worshipped the Shining One.
The Shining One was exalted by your worship.
You visited 5 branches of the dungeon, and saw 27 of its levels.
You visited the Abyss 1 time.
You also visited: Ice Cave.

You collected 2765 gold pieces.
You spent 799 gold pieces at shops.

Inventory:

Hand Weapons
 b - a +8 flail of electrocution
Missiles
 c - 2 throwing nets (quivered)
 d - 7 javelins
Armour
 q - the +0 helmet "Pym Zon" (worn) {rElec rPois}
   (You took it off Robin on level 3 of the Dungeon)

   rElec:     It insulates you from electricity.
   rPois:     It protects you from poison
 C - a +0 pair of gloves (worn)
 G - a +1 pair of boots (worn)
 L - a +0 cloak (worn)
 P - the +0 buckler of Gejutuh (worn) {rF+ rN+ Str+2}
   (You bought it in a shop on level 2 of the Dungeon)

   Str+2:     It affects your strength (+2).
   rF+:       It protects you from fire.
   rN+:       It protects you from negative energy.
 R - a +0 plate armour (worn)
Jewellery
 e - the amulet "Xackait" (around neck) {Rampage rC+ Regen+ SInv}
   (You acquired it on level 7 of the Dungeon)

   [amulet of regeneration]

   rC+:       It protects you from cold.
   SInv:      It lets you see invisible.
   Regen+:    It increases your rate of health regeneration.
   Rampage:   It bestows one free step when moving towards enemies.
 B - a ring of protection from fire (left hand)
 E - a +6 ring of strength
 F - a +6 ring of dexterity
 N - a ring of protection from cold (right hand)
 O - a ring of wizardry
 Q - a ring of magical power
Wands
 p - a wand of paralysis (13)
 s - a wand of mindburst (2)
 y - a wand of iceblast (11)
 z - a wand of polymorph (4)
 A - a wand of flame (57)
 I - a wand of light (18)
Scrolls
 a - 2 scrolls of brand weapon
 f - 4 scrolls of enchant weapon
 h - 6 scrolls of teleportation
 i - 5 scrolls of immolation {!r}
 m - 2 scrolls of vulnerability {!r}
 o - a scroll of butterflies
 r - 3 scrolls of amnesia
 v - 5 scrolls of fog
 x - a scroll of blinking
 J - 4 scrolls of revelation
 T - 6 scrolls of identify {@r1}
 U - a scroll of poison
Potions
 g - 4 potions of heal wounds {@q2}
 j - 3 potions of mutation {!q}
 k - 5 potions of attraction {!q}
 l - 4 potions of lignification {!q}
 n - 2 potions of magic
 u - 4 potions of cancellation
 w - 4 potions of haste
 D - 3 potions of curing {@q1}
 H - 2 potions of enlightenment
 K - 2 potions of resistance
 M - a potion of ambrosia
Miscellaneous
 S - a box of beasts


   Skills:
 - Level 16.0 Fighting
 - Level 1.7 Throwing
 - Level 16.0 Armour
 - Level 2.4 Dodging
 - Level 5.0 Shields
 + Level 21.0 Unarmed Combat
 - Level 7.0 Invocations
 - Level 5.0 Evocations


You had 16 spell levels left.
You didn't know any spells.
Your spell library contained the following spells:

 Spells                   Type           Power      Damage    Failure   Level
 Apportation              Tloc           0%         N/A       95%         1
 Freeze                   Ice            0%         1d3       95%         1
 Kiss of Death            Conj/Necr      0%         2d5       95%         1
 Magic Dart               Conj           0%         1d3       95%         1
 Blink                    Tloc           0%         N/A       99%         2
 Call Imp                 Summ           0%         N/A       99%         2
 Jinxbite                 Hex            0%         N/A       99%         2
 Lesser Beckoning         Tloc           0%         N/A       99%         2
 Momentum Strike          Conj/Tloc      0%         3d8       99%         2
 Confusing Touch          Hex            0%         N/A       100%        3
 Frozen Ramparts          Ice            0%         1d1       100%        3
 Hailstorm                Conj/Ice       0%         3d5       100%        3
 Tukima's Dance           Hex            0%         N/A       100%        3
 Volatile Blastmotes      Fire/Tloc      0%         2d10      100%        3
 Animate Armour           Summ/Erth      0%         N/A       100%        4
 Cause Fear               Hex            0%         N/A       100%        4
 Dispel Undead            Necr           0%         3d6       100%        4
 Fulminant Prism          Conj/Alch      0%         3d5       100%        4
 Iskenderun's Mystic Bla  Conj/Tloc      0%         2d3       100%        4
 Passage of Golubria      Tloc           0%         N/A       100%        4
 Summon Lightning Spire   Summ/Air       0%         N/A       100%        4
 Vhi's Electric Charge    Tloc/Air       0%         N/A       100%        4
 Alistair's Intoxication  Alch           0%         N/A       100%        5
 Arcjolt                  Conj/Air       0%         1d10      100%        5
 Fireball                 Conj/Fire      0%         3d3       100%        5
 Lee's Rapid Deconstruct  Erth           0%         3d4*      100%        5
 Yara's Violent Unravell  Hex/Alch       0%         3d3       100%        5
 Conjure Ball Lightning   Conj/Air       0%         3x3d6     100%        6
 Plasma Beam              Fire/Air       0%         2x1d10    100%        6
 Discord                  Hex            0%         N/A       100%        8
 Disjunction              Tloc           0%         N/A       100%        8
 Maxwell's Capacitive Co  Air            0%         ∞         100%        8
 Dragon's Call            Summ           0%         N/A       100%        9


Dungeon Overview and Level Annotations

Branches:
Dungeon (15/15)            Temple (1/1) D:7            Lair (5/5) D:11
 Shoals (0/4) Lair:3       Spider (4/4) Lair:2        Slime (0/5) Lair:4
    Orc (2/2) D:11            Elf (0/3) Orc:2        Vaults (0/5) D:13
 Depths (0/4) D:15          IceCv (visited)

Altars:
Ashenzari
Cheibriados
Dithmenos
Elyvilon
Fedhas
Gozag
Hepliaklqana
Kikubaaqudgha
Makhleb
Nemelex Xobeh
Okawaru
Qazlal
Ru
Sif Muna
Trog
Uskayaw
Vehumet
Wu Jian
Xom
Yredelemnul
Zin
The Shining One
Jiyva

Shops:
D:2 [([   D:7 [   D:11 !   Orc:1 =   Orc:2 **(

Portals:
Hell: Lair:5

Annotations:
D:15 Roxanne
Lair:4 1 runed translucent door, exclusion: oklob plant


Innate Abilities, Weirdness & Mutations

You are immune to sickness and miasma.
Your stone body is resilient. (AC +12)
You are immune to poison.
Your large and strong wings let you fly.
You resist negative energy. (rN+)
You are resistant to electric shocks. (rElec)
You are resistant to unholy torment.
You are immune to petrification.
You occasionally lose the ability to read scrolls when taking damage.


Message History

The pharaoh ant bites you!!
* * * LOW HITPOINT WARNING * * *
The tarantella barely misses you.
The tarantella touches you but does no damage.
The wolf spider barely misses you.
The wolf spider bites you but does no damage.
You bump into the rock wall.
The pharaoh ant completely misses you. The tarantella closely misses you.
The tarantella misses you.
The demonic crawler hits you but does no damage. x2
The demonic crawler closely misses you.
The wolf spider hits you but does no damage.
The wolf spider bites you.
* * * LOW HITPOINT WARNING * * *
You punch the demonic crawler!
The demonic crawler is severely wounded.
The pharaoh ant bites you!
* * * LOW HITPOINT WARNING * * *
The tarantella touches you but does no damage. x2
The demonic crawler hits you but does no damage.
The demonic crawler closely misses you.
The demonic crawler hits you but does no damage.
The wolf spider barely misses you. x2
You barely miss the demonic crawler.
The demonic crawler is severely wounded.
The pharaoh ant closely misses you.
The tarantella touches you but does no damage.
The tarantella touches you!
* * * LOW HITPOINT WARNING * * *
The wolf spider hits you.
* * * LOW HITPOINT WARNING * * *
The wolf spider bites you but does no damage.
The demonic crawler closely misses you.
The demonic crawler hits you but does no damage. x2
You are too confused!
Unknown command.
Unknown command.
You feel better.
The tarantella touches you but does no damage.
The tarantella barely misses you. The pharaoh ant bites you!!
You die...

...........#.# #..##........#..
[.##.........# ##........†.....
.............## #.........#....
....#.........# ##.............
...#✳..#✳###.## ##.##..#....###
...✳.✳#...#### ####...........##
..#....#..# ##.#.............##
✳✳........# #sBs....#....(....#
.#.......#######@✳..............#
...#...[#.....##ss..✳...✳..#.#..#
..#.#..#......###..✳.#..##.###.✳#
.#........#.......✳######### ##.#
###..............### ###
#.#...✳.##......#
##...##........## #####........##
###......#


You could see a demonic crawler, a wolf spider, a pharaoh ant and 2 tarantellas.

Vanquished Creatures
  Nikola (Spider:1)
  Jorgrun (D:13)
  Rupert (Spider:1)
  Donald (Spider:1)
  4 ghost moths
  An orc warlord (Orc:2)
  A white draconian (IceCv)
  A dire elephant (D:15)
  An ettin (Orc:1)
  4 entropy weavers
  A great orb of eyes (D:15)
  A rakshasa (D:15)
  A vault guard (D:13)
  A catoblepas (Lair:4)
  8 hydras
  A jorogumo (Spider:3)
  5 centaur warriors
  5 radroaches
  3 ogre magi (Orc:2)
  17 death yaks
  A dancing weapon (D:13)
  2 boulder beetles
  6 two-headed ogres
  6 demonic crawlers (Spider:3)
  A death scarab (Spider:2)
  An occultist (Lair:5)
  A skyshark (Lair:3)
  A sun demon (Lair:5)
  7 pharaoh ants
  4 orb spiders
  4 steelbarb worms
  Pikel (D:7)
  6 orc knights
  2 orc sorcerers
  26 wolf spiders
  3 deep elf pyromancers
  4 manticores
  A moth of wrath (Spider:2)
  18 ugly things
  4 cyclopes
  Joseph (D:7)
  A salamander (D:15)
  2 ice statues (IceCv)
  5 black mambas
  An elephant (Lair:5)
  3 kobold blastminers
  A smoke demon (Lair:5)
  12 cane toads
  An orange demon (Lair:5)
  5 torpor snails
  Jeremiah (D:8)
  2 unseen horrors
  10 rime drakes
  9 komodo dragons
  A freezing wraith (D:15)
  A kobold demonologist (D:11)
  3 yaktaurs (D:15)
  An efreet (D:14)
  2 ice devils (Lair:5)
  2 red devils (Lair:5)
  2 polar bears
  8 trolls
  A wind drake (Lair:3)
  Grinder (D:3)
  12 blink frogs
  4 dream sheep (Lair:5)
  19 tarantellas
  3 slime creatures (D:12)
  A vampire (D:13)
  13 culicivoras
  22 jumping spiders
  A wraith (D:11)
  26 yaks
  8 wyverns
  3 basilisks
  A steam dragon (Lair:3)
  16 wargs
  29 redbacks
  5 vampire mosquitoes
  Edmund (D:4)
  An acid dragon (D:14)
  15 water moccasins
  5 hell hounds (Lair:5)
  29 orc warriors
  A swamp drake (D:11)
  12 ogres
  2 laughing skulls (D:13)
  2 black bears
  41 wolves
  9 centaurs
  A lemure (D:7)
  4 kobold brigands
  12 bullfrogs
  A gnoll sergeant (D:6)
  7 scorpions
  5 wights (D:6)
  6 lindwurm simulacra (IceCv)
  6 killer bees
  8 howler monkeys
  A bombardier beetle (D:6)
  A hound (D:5)
  4 komodo dragon simulacra (IceCv)
  A jelly (D:7)
  9 orc priests
  Jessica (D:2)
  Ijyb (D:4)
  Terence (D:3)
  18 orc wizards
  An iguana (D:3)
  Robin (D:3)
  11 gnolls
  7 acid dragon simulacra (IceCv)
  6 adders
  3 white imps (D:6)
  4 steam dragon simulacra (IceCv)
  5 dart slugs
  A ribbon worm (D:2)
  95 orcs
  2 bats (D:3)
  9 endoplasms
  4 giant cockroaches
  15 goblins
  12 hobgoblins
  7 jackals
  25 kobolds
  A quokka (D:3)
  7 ball pythons
  4 frilled lizards
  A rat (D:2)
823 creatures vanquished.

Vanquished Creatures (others)
  A meliai (Spider:4)
  A centaur (D:14)
  A bombardier beetle (D:5)
  An orc wizard (D:10)
4 creatures vanquished.

Grand Total: 827 creatures vanquished

Notes
Turn   | Place    | Note
-------+----------+-------------------------------------------
     0 | D:1      | Kenran the Gargoyle Gladiator began the quest for the Orb.
     0 | D:1      | Reached XP level 1. HP: 12/12 MP: 1/1
   226 | D:1      | Reached XP level 2. HP: 17/17 MP: 2/2
   693 | D:2      | Reached skill level 4 in Unarmed Combat
   723 | D:2      | Reached XP level 3. HP: 21/21 MP: 3/3
   861 | D:2      | Found Luevat's Antique Weapon Shop.
   864 | D:2      | Noticed Jessica
   871 | D:2      | Killed Jessica
   872 | D:2      | Reached XP level 4. HP: 26/26 MP: 4/4
   915 | D:2      | Reached skill level 5 in Unarmed Combat
   983 | D:2      | Found Bigamih's Armour Shop.
   991 | D:2      | Bought a +0 pair of boots for 63 gold pieces
  1085 | D:2      | Found Qyr Daen's Armour Shoppe.
  1300 | D:3      | Noticed Terence
  1371 | D:3      | Reached XP level 5. HP: 30/30 MP: 5/5
  1489 | D:3      | Identified the +0 helmet "Pym Zon" {rElec rPois}
  1489 | D:3      | Noticed Robin
  1532 | D:3      | Killed Robin
  1544 | D:3      | Reached skill level 6 in Unarmed Combat
  1580 | D:3      | Killed Terence
  1721 | D:3      | Reached XP level 6. HP: 17/35 MP: 6/6
  2124 | D:3      | Noticed Grinder
  2130 | D:3      | Paralysed by Grinder for 5 turns
  2136 | D:3      | Killed Grinder
  2137 | D:3      | Reached skill level 7 in Unarmed Combat
  2137 | D:3      | Reached XP level 7. HP: 36/40 MP: 7/7
  2184 | D:3      | Found a faded altar of an unknown god.
  2441 | D:3      | Reached skill level 8 in Unarmed Combat
  2763 | D:4      | Noticed Ijyb
  2773 | D:4      | Killed Ijyb
  2885 | D:4      | Noticed Edmund
  2900 | D:4      | Killed Edmund
  2901 | D:4      | Reached skill level 5 in Fighting
  3070 | D:4      | Found a sparkling altar of Nemelex Xobeh.
  3242 | D:5      | Entered Level 5 of the Dungeon
  3248 | D:5      | Reached skill level 1 in Armour
  3278 | D:5      | Reached XP level 8. HP: 43/49 MP: 8/8
  3839 | D:6      | Reached skill level 9 in Unarmed Combat
  4203 | D:6      | Reached skill level 10 in Unarmed Combat
  4551 | D:6      | Reached XP level 9. HP: 28/54 MP: 9/9
  4665 | D:7      | Found Qox Hukh's Antique Armour Shoppe.
  4676 | D:7      | Bought a pair of embroidered boots for 165 gold pieces
  4783 | D:7      | Noticed a troll
  4790 | D:7      | Killed a troll
  4808 | D:7      | Reached skill level 5 in Armour
  4907 | D:7      | Found a staircase to the Ecumenical Temple.
  4907 | D:7      | Noticed Pikel
  4925 | D:7      | Killed Pikel
  4948 | D:7      | Found an ancient bone altar of Kikubaaqudgha.
  5024 | Temple   | Entered the Ecumenical Temple
  5048 | Temple   | Became a worshipper of the Shining One
  5212 | D:7      | Reached skill level 11 in Unarmed Combat
  5251 | D:7      | Noticed Joseph
  5271 | D:7      | Killed Joseph
  5682 | D:7      | Identified a scroll of acquirement
  5684 | D:7      | Acquired the amulet "Xackait" {Rampage rC+ Regen+ SInv}
  5720 | D:8      | Noticed Jeremiah
  5729 | D:7      | Reached XP level 10. HP: 51/60 MP: 10/10
  5877 | D:9      | Reached skill level 12 in Unarmed Combat
  6118 | D:9      | Found a hazy altar of Hepliaklqana.
  6184 | D:9      | Found a sacrificial altar of Ru.
  7079 | D:8      | Noticed a five-headed hydra
  7079 | D:8      | Noticed a cyclops
  7267 | D:10     | Entered Level 10 of the Dungeon
  7386 | D:10     | Found a basalt altar of Yredelemnul.
  7466 | D:10     | Reached * piety under the Shining One
  7733 | D:11     | Noticed a white ugly thing
  7742 | D:11     | Killed a white ugly thing
  7769 | D:11     | Reached skill level 10 in Armour
  7791 | D:11     | Found Loink's Distillery.
  7794 | D:11     | Noticed a brown ugly thing
  7807 | D:11     | Killed a brown ugly thing
  7808 | D:11     | Reached XP level 11. HP: 30/67 MP: 11/11
  7842 | D:11     | Bought a potion of heal wounds for 65 gold pieces
  7842 | D:11     | Bought a potion of heal wounds for 65 gold pieces
  7842 | D:11     | Bought a potion of heal wounds for 65 gold pieces
  8004 | D:11     | Found a staircase to the Orcish Mines.
  8022 | D:11     | Reached skill level 13 in Unarmed Combat
  8371 | D:11     | Found a staircase to the Lair.
  8505 | D:11     | Reached ** piety under the Shining One
  8749 | Lair:1   | Entered Level 1 of the Lair of Beasts
  8845 | D:11     | Reached skill level 14 in Unarmed Combat
 10084 | Lair:2   | Reached XP level 12. HP: 53/74 MP: 12/12
 10237 | Lair:2   | Found a hole to the Spider Nest.
 10424 | Lair:2   | Reached skill level 10 in Fighting
 10460 | Lair:2   | Noticed an eight-headed hydra
 10469 | Lair:2   | Killed an eight-headed hydra
 10982 | Lair:3   | Noticed a skyshark
 10994 | Lair:3   | Killed a skyshark
 10995 | Lair:3   | Reached skill level 1 in Invocations
 11001 | Lair:3   | Found a frozen archway.
 11006 | Lair:3   | Reached skill level 1 in Evocations
 11015 | IceCv    | Entered an ice cave
 11130 | IceCv    | Reached *** piety under the Shining One
 11187 | IceCv    | Noticed a white draconian
 11208 | IceCv    | Killed a white draconian
 11373 | IceCv    | Reached **** piety under the Shining One
 11472 | Lair:3   | Reached skill level 15 in Unarmed Combat
 11483 | Lair:3   | Found a staircase to the Shoals.
 11700 | Lair:3   | Noticed an eight-headed hydra
 11704 | Lair:3   | Reached XP level 13. HP: 82/82 MP: 15/15
 11919 | D:8      | Killed Jeremiah
 12048 | D:2      | Bought the +0 buckler of Gejutuh {rF+ rN+ Str+2} for 376
                  | gold pieces
 12368 | Lair:3   | Reached skill level 16 in Unarmed Combat
 12723 | Lair:3   | Reached skill level 17 in Unarmed Combat
 13189 | Lair:4   | Found a runed translucent door.
 13194 | Lair:4   | Found a viscous altar of Jiyva.
 13194 | Lair:4   | Found a staircase to the Slime Pits.
 13194 | Lair:4   | Noticed an azure jelly
 13194 | Lair:4   | Noticed an azure jelly
 13507 | Lair:5   | Entered Level 5 of the Lair of Beasts
 13727 | Lair:4   | Reached skill level 1 in Shields
 13843 | Lair:5   | Reached skill level 5 in Shields
 13852 | Lair:5   | Gained mutation: Your large and strong wings let you fly.
                  | [Gargoyle growth]
 13852 | Lair:5   | Reached XP level 14. HP: 70/92 MP: 16/16
 14109 | Abyss:3  | Cast into level 3 of the Abyss (an occultist)
 14112 | Lair:5   | Escaped the Abyss
 14140 | Lair:5   | Reached skill level 18 in Unarmed Combat
 14154 | Lair:5   | Reached ***** piety under the Shining One
 14170 | Lair:5   | Found a burning altar of Makhleb.
 14194 | Lair:5   | Found a gateway to Hell.
 15270 | D:12     | Identified the +6 hand axe of Fothius {freeze, rElec rF+++
                  | rC- Dex-5}
 15824 | D:13     | Found a gate to the Vaults.
 16043 | D:13     | Reached XP level 15. HP: 100/100 MP: 17/17
 16366 | D:13     | Noticed Jorgrun
 16703 | D:13     | Killed Jorgrun
 17176 | D:15     | Entered Level 15 of the Dungeon
 17269 | D:15     | Reached skill level 19 in Unarmed Combat
 17552 | D:15     | Noticed Roxanne
 17953 | D:15     | Found a staircase to the Depths.
 18469 | Orc:1    | Entered Level 1 of the Orcish Mines
 18608 | Orc:1    | Found Aligerei's Jewellery Emporium.
 18668 | Orc:1    | You are sucked into a shaft and drop 1 floor!
 18668 | Orc:2    | Entered Level 2 of the Orcish Mines
 18668 | Orc:2    | Found a staircase to the Elven Halls.
 18733 | Orc:2    | Noticed an orc warlord
 18826 | Orc:2    | Reached skill level 20 in Unarmed Combat
 18854 | Orc:2    | Reached ****** piety under the Shining One
 19274 | Orc:1    | HP: 5/100 [orc warrior/+0 battleaxe[an orc high priest]
                  | (12)]
 19458 | Orc:2    | Found Oberop's Antique Weapon Shop.
 19497 | Orc:2    | Reached XP level 16. HP: 106/106 MP: 19/19
 19574 | Orc:2    | Reached skill level 5 in Evocations
 19842 | Orc:2    | Reached skill level 5 in Invocations
 19914 | Orc:2    | Found Hemupeikk's Assorted Antiques.
 19929 | Orc:2    | Found Hotrellez's Assorted Antiques.
 20296 | Spider:1 | Entered Level 1 of the Spider Nest
 20628 | Spider:1 | Noticed Donald
 20638 | Spider:1 | Killed Donald
 20758 | Spider:1 | Noticed Rupert
 20763 | Spider:1 | Paralysed by Rupert for 4 turns
 20774 | Spider:1 | Killed Rupert
 20775 | Spider:1 | Reached skill level 15 in Armour
 21013 | Spider:1 | Noticed Nikola
 21038 | Spider:1 | Killed Nikola
 22422 | Spider:2 | Identified the +0 leather armour "Jixisch" {*Slow +Blink
                  | Regen+ Int+2}
 22969 | Spider:3 | Reached skill level 15 in Fighting
 23532 | Spider:3 | Reached XP level 17. HP: 115/115 MP: 22/22
 23933 | Spider:4 | Entered Level 4 of the Spider Nest
 24347 | Spider:2 | Gained mutation: You occasionally lose the ability to read
                  | scrolls when taking damage. [mutagenic glow]
 24401 | Spider:4 | HP: 4/115 [wolf spider (2)]
 24401 | Spider:4 | HP: 1/115 [wolf spider (3)]
 24701 | Spider:3 | Reached skill level 21 in Unarmed Combat
 24757 | Spider:3 | Slain by a pharaoh ant

Illustrated notes

Levels and vault maps discovered:
D:1:      lightli_arrival_flooded_house, layout_loops_ring, feat_on_display
D:2:      layout_rooms, serial_shops, nicolae_shop_back_alley_shop, shop_statue,
          nicolae_shop_dealshenge, minmay_nonomino_d4, uniq_jessica
D:3:      wander_river, layout_loops_ring, chequers_ecumenical_altar_grove,
          minmay_checkerbox, uniq_terence, uniq_grinder, uniq_robin
D:4:      layout_basic, nemelex_diamond_rough_becter, uniq_ijyb, uniq_edmund
D:5:      layout_rooms
D:6:      layout_basic
D:7:      layout_loops_ring, kiku_gazebo_pond_becter, minmay_temple_entry_wispy,
          serial_shops, shop, serial_bayou_pond_d, uniq_pikel, uniq_joseph
D:8:      layout_loops_ring, lightli_corner_chamber, uniq_jeremiah
D:9:      minmay_flawed_box, layout_grid_maze,
          mainiacjoe_overflow_large_starburst
D:10:     nicolae_whirlpool, layout_rooms, mainiacjoe_overflow_small_starburst
D:11:     layout_basic, erik_lair_dragon, david_orc_3, serial_shops, shop
D:12:     layout_long_grid
D:13:     layout_cave_pods, erik_vaults_1, uniq_jorgrun
D:14:     layout_roguey
D:15:     hangedman_depths_entry_try_elsewhere_first, layout_loops_corners,
          chequers_serial_rivers_marsh, uniq_roxanne
Temple:   bh_familiar_temple
Lair:1:   layout_misc_corridors, grunt_forest_small_clearing_treed,
          lemuel_fruit_fields, infiniplex_staircase_pool, grunt_megastairs_4,
          serial_bayou_shore_b
Lair:2:   layout_concentric_octagons, nicolae_spider_entry_lesser_pyramids
Lair:3:   layout_concentric_octagons, minmay_shoals_entry_beasts,
          portal_ice_cave_rime, hangedman_lair_generics_rect,
          infiniplex_staircase_pool_2, serial_bayou_shore_b
Lair:4:   layout_concentric_octagons, slime_entry_2
Lair:5:   evil_forest, layout_gridlike, minivault_19, minivault_24
Spider:1: layout_spider_delve, hangedman_spider_tarantella_strand, uniq_rupert,
          uniq_nikola, uniq_donald
Spider:2: layout_cave_pods
Spider:3: layout_spider_delve
Spider:4: grunt_spider_rune_circles, nicolae_arachne_temple
Orc:1:    layout_caves, serial_shops,
          nicolae_shop_temple_entry_statues_fountains
Orc:2:    st_orc_town, layout_caves, nicolae_orc_pool_cavern

Skill      XL: |  1  2  3  4  5  6  7  8  9 10 11 12 13 14 15 16 17 |
---------------+----------------------------------------------------+-----
Unarmed Combat | 4 5 6 7 8 10 11 12 14 15 17 18 20 21 | 21.0
Fighting       | 5 6 7 8 10 12 13 14 15 16 | 16.0
Armour         | 1 3 6 10 12 14 16 | 16.0
Invocations    | 3 4 7 |  7.0
Evocations     | 3 4 5 |  5.0
Shields        | 5 |  5.0
Throwing       | |  1.7
Dodging        | |  2.4

Action                     |  1- 3 |  4- 6 |  7- 9 | 10-12 | 13-15 | 16-18 || total
---------------------------+-------+-------+-------+-------+-------+-------++-------
  Melee: Unarmed           |    83 |   185 |   279 |   620 |   978 |   746 ||  2891
         Punch             |     1 |     3 |    15 |    59 |     2 |       ||    80
         Flail             |       |       |    26 |       |       |       ||    26
  Throw: Throwing net      |     2 |     4 |       |       |       |       ||     6
  Evoke: Wand              |       |     6 |     6 |     6 |       |    19 ||    37
         Box of beasts     |       |       |       |       |     1 |     1 ||     2
    Use: Potion            |       |     1 |     3 |     1 |     5 |     5 ||    15
         Scroll            |       |       |     9 |     7 |    16 |    10 ||    42
   Stab: Sleeping          |       |       |     1 |       |       |       ||     1
 Armour: Leather armour    |    24 |   114 |    32 |       |       |       ||   170
         Chain mail        |       |       |   167 |   531 |   286 |       ||   984
         Skin              |       |       |    31 |     6 |     5 |       ||    42
         Plate armour      |       |       |       |       |   486 |  1186 ||  1672
  Dodge: Dodged            |    42 |   118 |   103 |   302 |   350 |   457 ||  1372
  Block: Other             |       |    13 |    55 |       |       |       ||    68
         Reflection        |       |       |     1 |       |       |       ||     1
         Buckler           |       |       |       |       |   146 |   208 ||   354
